 Dungeon Crawl Stone Soup version 0.21.1-1-g345015f (console) character file.

760 erker the Changer (level 7, -5/43 HPs)
             Began as an Octopode Transmuter on May 8, 2018.
             Was a Believer of Cheibriados.
             Splashed by a jelly's acid (12 damage)
             ... on level 5 of the Dungeon.
             The game lasted 00:23:51 (5854 turns).

erker the Changer (Octopode Transmuter)             Turns: 5854, Time: 00:23:52

Health: -5/43      AC: -23   Str: 13    XL:     7   Next: 80%
Magic:  13/13      EV: 14    Int: 21    God:    Cheibriados [**....]
Gold:   267        SH:  0    Dex: 17    Spells: 6/14 levels left

rFire    + . .     SeeInvis .     - Unarmed
rCold    x . .     Gourm    .   (no shield)
rNeg     . . .     Faith    .   (helmet restricted)
rPois    .         Spirit   .   (no amulet)
rElec    .         Reflect  .   m - ring of fire
rCorr    .         Harm     .   s - ring of loudness (curse)
MR       .....                  (no ring)
Stlth    ++........             (no ring)
HPRegen  0.14/turn              (no ring)
MPRegen  0.13/turn              (no ring)
                                (no ring)
                                (no ring)

@: corroded, very slow
A: almost no armour, stealthy swim, amphibious, 8 rings, constrict 8, camouflage
1, gelatinous body 1
a: Bend Time, Renounce Religion


You were on level 5 of the Dungeon.
You worshipped Cheibriados.
Cheibriados was pleased with you.
You were not hungry.

You visited 2 branches of the dungeon, and saw 6 of its levels.
You also visited: Sewer.

You collected 267 gold pieces.

Inventory:

Hand Weapons
 b - a +0 blowgun
Missiles
 a - 6 arrows
 k - 14 bolts
 t - 43 poisoned needles
 v - 7 javelins (quivered)
 E - 18 sling bullets
 H - 7 tomahawks
Armour
 n - a +0 buckler
Magical Staves
 r - an uncursed staff of wizardry {unknown}
Jewellery
 m - a ring of fire (left tentacle)
 s - a cursed ring of loudness (right tentacle)
Wands
 i - a wand of iceblast (11)
Scrolls
 d - a scroll of immolation {unknown}
 e - 2 scrolls of fog {unknown}
 f - 2 scrolls of magic mapping {unknown}
 j - a scroll of enchant armour {unknown}
 l - 2 scrolls of enchant weapon {unknown}
 y - 4 scrolls of teleportation
 C - a scroll of fear {unknown}
 G - 3 scrolls of amnesia {unknown}
Potions
 g - a potion of brilliance
 h - 3 potions of degeneration
 o - 5 potions of flight
 p - a potion of agility
 w - 2 potions of lignification
 z - a potion of curing
 A - a potion of invisibility
 B - a potion of berserk rage {unknown}
 D - a potion of ambrosia {unknown}
Books
 q - a book of Maledictions

   Spells                             Type                      Level
   a - Corona                         Hexes                        1
   b - Ensorcelled Hibernation        Hexes/Ice                    2
   c - Confuse                        Hexes                        3
   d - Tukima's Dance                 Hexes                        3
   e - Dazzling Spray                 Conjuration/Hexes            3
 u - a book of Changes

   Spells                             Type                      Level
   a - Beastly Appendage              Transmutation                1
   b - Sticks to Snakes               Transmutation                2
   c - Spider Form                    Transmutation/Poison         3
   d - Ice Form                       Ice/Transmutation            4
   e - Blade Hands                    Transmutation                5
 x - a book of Misfortune

   Spells                             Type                      Level
   a - Confusing Touch                Hexes                        1
   b - Confuse                        Hexes                        3
   c - Gell's Gravitas                Translocation                3
   d - Petrify                        Transmutation/Earth          4
   e - Metabolic Englaciation         Hexes/Ice                    5
   f - Yara's Violent Unravelling     Hexes/Transmutation          5
Comestibles
 c - 11 rations


   Skills:
 + Level 1.1 Fighting
 + Level 2.2 Dodging
 + Level 1.2 Stealth
 + Level 3.3 Unarmed Combat
 + Level 4.2 Spellcasting
 * Level 1.8 Hexes
 * Level 6.0 Transmutations
 * Level 2.7 Ice Magic


You had 6 spell levels left.
You knew the following spells:

 Your Spells              Type           Power        Failure   Level  Hunger
a - Beastly Appendage     Tmut           ####..       1%          1    None
c - Confusing Touch       Hex            ##....       5%          1    None
t - Sticks to Snakes      Tmut           ####....     1%          2    #......
y - Ice Form              Ice/Tmut       ###.....     19%         4    ####...


Dungeon Overview and Level Annotations

Branches:
Dungeon (5/15)             Temple (1/1) D:4

Altars:
Ashenzari
Cheibriados
Dithmenos
Elyvilon
Fedhas
Kikubaaqudgha
Nemelex Xobeh
Okawaru
Qazlal
Ru
Trog
Uskayaw
Vehumet
Wu Jian
Xom
Yredelemnul
Zin
The Shining One

Annotations:
D:4 1 exclusion


Innate Abilities, Weirdness & Mutations

You cannot wear most types of armour.
You are very stealthy in the water. (Stealth+)
You are amphibious.
You can wear up to eight rings at the same time.
You can use your tentacles to constrict eight enemies at once.
Your skin changes colour to match your surroundings (Stealth+).
Your rubbery body absorbs attacks. (AC +1, EV +1)


Message History

Your tentacles burn!
The jelly is moderately wounded.
The jelly seems less confused.
The jelly hits you.
You are splashed with acid!
The acid burns!
You tentacle-slap the jelly. The acid corrodes you!
Your tentacles burn!
The jelly is severely wounded.
The jelly closely misses you.
You tentacle-slap the jelly but do no damage.
Your tentacles burn!
* * * LOW HITPOINT WARNING * * *
The jelly is severely wounded.
The jelly closely misses you. The jelly hits you.
* * * LOW HITPOINT WARNING * * *
The acid corrodes you!
You are splashed with acid!
The acid burns!
* * * LOW HITPOINT WARNING * * *
You feel better. The jelly hits you.
* * * LOW HITPOINT WARNING * * *
You are splashed with acid!
The acid burns!
You die...

#.........##.#
###.#####.##.# #.# #.#
###.### #.# ......# #.#
###.#.# #.# #..... #.#
....... #.#############
###.###.##....@J........
.# ###############. .#


You could see a jelly.

Vanquished Creatures
  Sigmund (D:5)
  A crimson imp (D:4)
  A howler monkey (D:4)
  An orc priest (D:3)
  2 orc wizards (D:4)
  2 merfolk sirens (Sewer)
  4 worker ants
  A merfolk avatar (Sewer)
  8 adders
  4 gnolls (D:2)
  5 river rats
  An ooze (D:3)
  An adder skeleton (D:5)
  4 worms
  3 dart slugs (D:2)
  3 leopard geckos
  5 orcs
  8 giant cockroaches
  5 goblins
  7 hobgoblins
  4 jackals
  5 kobolds
  3 quokkas
  7 ball pythons
  10 bats
  9 frilled lizards
  25 rats
130 creatures vanquished.

Vanquished Creatures (collateral kills)
  A jackal (D:1)
  A frilled lizard (Sewer)
  A rat (Sewer)
3 creatures vanquished.

Vanquished Creatures (others)
  A kobold (D:3)
1 creature vanquished.

Grand Total: 134 creatures vanquished

Notes
Turn   | Place    | Note
-------+----------+-------------------------------------------
     0 | D:1      | erker the Octopode Transmuter began the quest for the Orb.
     0 | D:1      | Reached XP level 1. HP: 13/13 MP: 3/3
   362 | D:1      | Reached XP level 2. HP: 14/18 MP: 5/5
   366 | D:1      | Learned a level 2 spell: Sticks to Snakes
   759 | D:1      | Reached XP level 3. HP: 14/23 MP: 6/6
   775 | D:1      | Reached skill level 3 in Transmutations
  1505 | D:2      | Reached XP level 4. HP: 27/28 MP: 8/8
  1855 | D:2      | Learned a level 4 spell: Ice Form
  2041 | D:2      | Reached skill level 4 in Transmutations
  2243 | D:2      | Reached XP level 5. HP: 27/33 MP: 4/9
  2548 | D:3      | Reached skill level 1 in Ice Magic
  2843 | D:3      | Learned a level 1 spell: Confusing Touch
  2948 | D:3      | Found a glowing silver altar of Zin.
  2949 | D:3      | Noticed an angel
  2966 | D:3      | Found a shimmering altar of Xom.
  3296 | D:3      | Found a white marble altar of Elyvilon.
  3299 | D:3      | Found a snail-covered altar of Cheibriados.
  3303 | D:3      | Became a worshipper of Cheibriados the Contemplative
  3307 | D:3      | Found a glowing golden altar of the Shining One.
  3432 | D:4      | Found a glowing drain.
  3459 | Sewer    | Entered a sewer
  3543 | Sewer    | Reached XP level 6. HP: 34/38 MP: 11/11
  3613 | Sewer    | Reached * piety under Cheibriados
  3892 | Sewer    | Reached skill level 5 in Transmutations
  4321 | D:4      | Reached skill level 1 in Hexes
  4531 | D:4      | Found a staircase to the Ecumenical Temple.
  4625 | Temple   | Entered the Ecumenical Temple
  4866 | D:4      | Reached XP level 7. HP: 39/43 MP: 4/12
  5209 | D:5      | Entered Level 5 of the Dungeon
  5232 | D:5      | Reached ** piety under Cheibriados
  5261 | D:5      | Noticed Sigmund
  5313 | D:5      | Killed Sigmund
  5313 | D:5      | Reached skill level 1 in Stealth
  5564 | D:5      | Reached skill level 6 in Transmutations
  5853 | D:5      | HP: 1/43 [acid (9)]
  5854 | D:5      | Splashed by a jelly's acid

Skill      XL: |  1  2  3  4  5  6  7 |
---------------+----------------------+-----
Transmutations | 3 4 5 6 |  6.0
Spellcasting   | 3 4 |  4.2
Ice Magic      | 1 2 |  2.7
Hexes          | 1 |  1.8
Stealth        | 1 |  1.2
Fighting       | |  1.1
Dodging        | |  2.2
Unarmed Combat | |  3.3

Action                   |  1- 3 |  4- 6 |  7- 9 || total
-------------------------+-------+-------+-------++-------
Melee: Unarmed           |    87 |   175 |    72 ||   334
       Constrict         |    22 |    30 |    10 ||    62
       Tentacles         |    10 |    27 |     9 ||    46
       Kick              |     3 |     1 |       ||     4
       Punch             |     1 |     2 |       ||     3
 Cast: Sticks to Snakes  |     3 |     3 |       ||     6
       Beastly Appendage |     2 |     2 |       ||     4
       Ice Form          |       |     9 |     4 ||    13
       Confusing Touch   |       |     3 |     2 ||     5
  Use: Potion            |     1 |       |     3 ||     4
       Scroll            |       |       |     6 ||     6
 Stab: Sleeping          |     4 |     4 |       ||     8
       Distracted        |       |     1 |       ||     1
       Confused          |       |     1 |     2 ||     3
  Eat: Chunk             |     2 |    11 |     3 ||    16
Armor: Skin              |    19 |    17 |     9 ||    45
Dodge: Dodged            |    75 |    87 |    33 ||   195
